 Dungeon Crawl Stone Soup version 0.29.1-12-g30fa7ad0bf (webtiles) character file.

Game seed: 18371252834911140440

549 javelincjr the Blocker (level 7, -2/52 HPs)
             Began as a Gnoll Wanderer on Jan 18, 2023.
             Was an Initiate of the Shining One.
             Slain by a wyvern (14 damage)
             ... on level 6 of the Dungeon.
             The game lasted 00:13:34 (6015 turns).

javelincjr the Blocker (Gnoll Wanderer)             Turns: 6015, Time: 00:13:34

Health: -2/52      AC:  7    Str: 21    XL:     7   Next: 28%
Magic:  10/10      EV: 13    Int:  9    God:    the Shining One [......]
Gold:   288        SH: 10    Dex: 21    Spells: 10/11 levels left

rFire   . . .      SeeInvis .   N - +1 war axe (vorpal)
rCold   . . .      Faith    .   f - +2 buckler
rNeg    . . .      Spirit   .   e - +0 leather armour
rPois   .          Reflect  .   (no helmet)
rElec   .          Harm     .   (no cloak)
rCorr   .          Rampage  .   o - +2 pair of gloves of Fowkeq {Will- Str+9}
Will    .....                   c - +0 pair of boots
Stlth   +.........              (no amulet)
HPRegen 0.17/turn               w - ring of flight
MPRegen 0.12/turn               y - +6 ring of dexterity

@: flying, hasted, glowing, very quick
A: fangs 1, strong nose, distributed training
a: Renounce Religion


You were on level 6 of the Dungeon.
You worshipped the Shining One.
The Shining One was noncommittal.
You visited 1 branch of the dungeon, and saw 6 of its levels.

You collected 288 gold pieces.

Inventory:

Hand Weapons
 a - a +0 dagger
 q - a +0 trident
 s - a +0 short sword of flaming
 E - a +0 flail of protection
 N - a +1 vorpal war axe (weapon)
Missiles
 i - 3 boomerangs (quivered)
 x - 6 poisoned darts
 H - a throwing net
Armour
 c - a +0 pair of boots (worn)
 e - a +0 leather armour (worn)
 f - a +2 buckler (worn)
 o - the +2 pair of gloves of Fowkeq (worn) {Will- Str+9}
   (You found it on level 2 of the Dungeon)

   Str:       It affects your strength (+9).
   Will:      It decreases your willpower.
 r - a +0 chain mail
 G - a +0 plate armour
Magical Staves
 M - a staff of conjuration
Jewellery
 w - a ring of flight (left hand)
 y - a +6 ring of dexterity (right hand)
Wands
 L - a wand of light (5)
Scrolls
 g - 3 scrolls of poison
 h - 2 scrolls of fear {unknown}
 k - 3 scrolls of amnesia {unknown}
 l - a scroll of noise {unknown}
 m - 3 scrolls of teleportation {unknown}
 n - 2 scrolls of vulnerability {unknown}
 p - a scroll of magic mapping {unknown}
 u - 4 scrolls of identify {unknown}
 C - 2 scrolls of enchant armour {unknown}
 D - 2 scrolls of enchant weapon {unknown}
 F - 3 scrolls of immolation {unknown}
 K - a scroll of fog {unknown}
Potions
 b - 6 potions of curing
 d - 3 potions of haste
 j - a potion of berserk rage {unknown}
 t - 2 potions of attraction {unknown}
 v - 2 potions of heal wounds {unknown}
 z - a potion of flight {unknown}
 A - 2 potions of brilliance {unknown}
 B - 2 potions of might {unknown}
 I - a potion of lignification {unknown}
 J - a potion of ambrosia {unknown}


   Skills:
 + Level 3.6 Fighting
 + Level 2.5 Short Blades
 + Level 2.5 Long Blades
 + Level 2.5 Axes
 + Level 2.5 Maces & Flails
 + Level 2.5 Polearms
 + Level 2.5 Staves
 + Level 2.5 Ranged Weapons
 + Level 2.5 Throwing
 + Level 3.6 Armour
 + Level 3.6 Dodging
 + Level 3.4 Stealth
 + Level 10.7 Shields
 + Level 3.6 Unarmed Combat
 + Level 2.5 Spellcasting
 + Level 2.0 Conjurations
 + Level 2.0 Hexes
 + Level 2.0 Summonings
 + Level 2.0 Necromancy
 + Level 2.0 Translocations
 + Level 2.0 Transmutations
 + Level 2.0 Fire Magic
 + Level 2.0 Ice Magic
 + Level 2.0 Air Magic
 + Level 2.0 Earth Magic
 + Level 2.0 Poison Magic
 + Level 2.7 Invocations
 + Level 2.5 Evocations


You had 10 spell levels left.
You knew the following spells:

 Your Spells              Type           Power      Damage    Failure   Level
a - Summon Small Mammal   Summ           16%        N/A       19%         1

Your spell library contained the following spells:

 Spells                   Type           Power      Damage    Failure   Level
 Freeze                   Ice            16%        1d4       19%         1
 Ensorcelled Hibernation  Hex/Ice        8%         N/A       28%         2
 Passwall                 Tmut/Erth      3%         N/A       28%         2
 Confusing Touch          Hex            4%         N/A       50%         3
 Dazzling Flash           Conj/Hex       8%         N/A       50%         3
 Frozen Ramparts          Ice            8%         1d2       50%         3
 Swiftness                Air            4%         N/A       50%         3
 Hailstorm                Conj/Ice       4%         3d4       88%         4
 Agony                    Necr           4%         N/A       99%         5
 Silence                  Hex/Air        2%         N/A       99%         5
 Yara's Violent Unravell  Hex/Tmut       2%         3d3       99%         5
 Enfeeble                 Hex            2%         N/A       100%        7


Dungeon Overview and Level Annotations

Branches:
Dungeon (6/15)
 Temple: D:4-7

Altars:
Ru
Trog
Uskayaw
Yredelemnul
The Shining One


Innate Abilities, Weirdness & Mutations

You have very sharp teeth.
Your uncanny sense of smell can sniff out nearby items.
Your experience applies equally to all skills.


Message History

The orc priest looks braver for a moment.
An orc comes into view. It is wielding a +0 short sword.
You hit the orc priest.
The orc priest is heavily wounded.
You hit the orc but do no damage.
A hound comes into view.
The orc hits you with a +0 club. The orc priest misses you.
A wyvern comes into view.
You block the orc's attack. The orc priest closely misses you.
You barely miss the orc priest.
The orc priest is heavily wounded.
The hound barks!
You slash the orc!
You kill the orc!
The wyvern bites the bush.
The orc priest hits you with a +0 club.
You slash the orc priest!
You kill the orc priest!
The Shining One accepts your kill.
You barely miss the orc.
An orc comes into view. It is wielding a +0 war axe.
The orc closely misses you. You block the hound's attack.
You slash the wyvern!
The wyvern is heavily wounded.
You hit the orc. You closely miss the hound. You block the wyvern's attack.
The hound bites you. The orc hits you with a +0 short sword.
The wyvern bites you!
* * * LOW HITPOINT WARNING * * *
The hound bites you but does no damage. The orc hits you but does no damage.
The orc hits the bush but does no damage.
The air fills with toxic fumes!
As you read the scroll labelled XIGY ICZILULLAZO, it crumbles to dust.
It was a scroll of poison.
The wyvern bites you but does no damage.
You block the hound's attack.
The wyvern bites you but does no damage.
The orc hits the bush with a +0 war axe.
The orc closely misses you. The hound bites you.
* * * LOW HITPOINT WARNING * * *
You feel yourself speed up. The wyvern bites you!
You die...

§§## §§§ §§# #§§ ##§§##
###§§§§## #§§§oo§§###
PPl@§§§### .PPh§§§§§§##
♣§§§§§§§§§§#
.§§§§§§§§§§§§# ###
#§§§§§§§§§§§§## ##.###
#§§§§§§§§§§§§§###....#
§§§§§§§§§§§§§§§##....##
§§§§§§§§§§§§§§§.#.....##
#....................#


You could see a wyvern, a hound and 2 orcs.

Vanquished Creatures
  A centaur (D:5)
  A howler monkey (D:6)
  3 hounds
  An orc priest (D:6)
  An iguana (D:4)
  7 gnolls (D:5)
  13 adders
  A white imp (D:5)
  3 worms
  2 dart slugs
  7 orcs
  6 ball pythons
  2 bats
  9 endoplasms
  2 giant cockroaches
  6 goblins
  8 hobgoblins
  5 kobolds
  A quokka (D:1)
  6 frilled lizards
  8 rats
  2 bushes (D:2)
95 creatures vanquished.

Vanquished Creatures (others)
  4 fungi (D:2)
  10 plants (D:2)
14 creatures vanquished.

Grand Total: 109 creatures vanquished

Notes
Turn   | Place    | Note
-------+----------+-------------------------------------------
     0 | D:1      | Reached skill level 10 in Shields
     0 | D:1      | javelincjr the Gnoll Wanderer began the quest for the Orb.
     0 | D:1      | javelincjr set off with the following items: a +0 dagger, a
                  | potion of curing, a +0 pair of boots, a potion of haste, a
                  | +0 leather armour, a +2 buckler.
     0 | D:1      | Reached XP level 1. HP: 17/17 MP: 1/1
   360 | D:1      | Reached XP level 2. HP: 23/23 MP: 2/2
   682 | D:1      | HP: 1/23 [endoplasm (1)]
  1235 | D:2      | Identified the +2 pair of gloves of Fowkeq {Will- Str+9}
  1258 | D:2      | Reached XP level 3. HP: 26/28 MP: 3/3
  1427 | D:2      | Reached skill level 1 in Invocations
  1475 | D:2      | Found a faded altar of an unknown god.
  1483 | D:2      | Got Plato's Volume of Apparitions
  1513 | D:2      | Reached skill level 1 in Short Blades
  1513 | D:2      | Reached skill level 1 in Long Blades
  1513 | D:2      | Reached skill level 1 in Axes
  1513 | D:2      | Reached skill level 1 in Maces & Flails
  1513 | D:2      | Reached skill level 1 in Polearms
  1513 | D:2      | Reached skill level 1 in Staves
  1513 | D:2      | Reached skill level 1 in Ranged Weapons
  1513 | D:2      | Reached skill level 1 in Throwing
  1513 | D:2      | Reached skill level 1 in Spellcasting
  1513 | D:2      | Reached skill level 1 in Evocations
  1581 | D:2      | Reached XP level 4. HP: 15/34 MP: 5/5
  1960 | D:2      | Reached skill level 1 in Conjurations
  1960 | D:2      | Reached skill level 1 in Hexes
  1960 | D:2      | Reached skill level 1 in Summonings
  1960 | D:2      | Reached skill level 1 in Necromancy
  1960 | D:2      | Reached skill level 1 in Translocations
  1960 | D:2      | Reached skill level 1 in Transmutations
  1960 | D:2      | Reached skill level 1 in Fire Magic
  1960 | D:2      | Reached skill level 1 in Ice Magic
  1960 | D:2      | Reached skill level 1 in Air Magic
  1960 | D:2      | Reached skill level 1 in Earth Magic
  1960 | D:2      | Reached skill level 1 in Poison Magic
  3479 | D:3      | Reached XP level 5. HP: 40/40 MP: 7/7
  4230 | D:4      | Found a glowing golden altar of the Shining One.
  4233 | D:4      | Found a sacrificial altar of Ru.
  4245 | D:4      | Found a hide-covered altar of Uskayaw.
  4260 | D:4      | Became a worshipper of the Shining One
  4330 | D:4      | Reached XP level 6. HP: 33/47 MP: 8/8
  4546 | D:4      | Found a basalt altar of Yredelemnul.
  4616 | D:5      | Entered Level 5 of the Dungeon
  5001 | D:5      | Found a bloodstained altar of Trog.
  5329 | D:5      | Reached XP level 7. HP: 34/52 MP: 10/10
  5900 | D:6      | Learned a level 1 spell: Summon Small Mammal
  6010 | D:6      | Noticed a wyvern
  6015 | D:6      | Slain by a wyvern

Illustrated notes

Levels and vault maps discovered:
D:1:      minmay_arrival_nine_rooms, layout_rooms
D:2:      layout_basic, shapermc_ecumenical_altar_rom_forum, serial_forest,
          infiniplex_forest_straight_3, infiniplex_forest_side_room,
          infiniplex_forest_fountain, infiniplex_forest_clump_curved,
          infiniplex_forest_straight_2
D:3:      layout_basic, minmay_misc_feat_columns
D:4:      layout_rooms, mainiacjoe_overflow_alcove_4,
          chequers_temple_overflow_statue_of_worship, dk_rats_in_the_wall
D:5:      layout_basic, trog_book, minivault_27, corexii_shack
D:6:      layout_cave_pods, minmay_temple_entry_stoned_glass, serial_shops,
          shop, serial_park, serial_park_gazebo [serial_park_minivault_5x5_6],
          serial_park_tiny_2, serial_park_square1 [serial_park_minivault_5x5_3],
          serial_park_tiny_2, uniq_edmund

Skill      XL: |  1  2  3  4  5  6  7 |
---------------+----------------------+-----
Shields        | | 10.7
Invocations    | 1 2 |  2.7
Short Blades   | 1 2 |  2.5
Long Blades    | 1 2 |  2.5
Axes           | 1 2 |  2.5
Maces & Flails | 1 2 |  2.5
Polearms       | 1 2 |  2.5
Staves         | 1 2 |  2.5
Ranged Weapons | 1 2 |  2.5
Throwing       | 1 2 |  2.5
Spellcasting   | 1 2 |  2.5
Evocations     | 1 2 |  2.5
Conjurations   | 1 2 |  2.0
Hexes          | 1 2 |  2.0
Summonings     | 1 2 |  2.0
Necromancy     | 1 2 |  2.0
Translocations | 1 2 |  2.0
Transmutations | 1 2 |  2.0
Fire Magic     | 1 2 |  2.0
Ice Magic      | 1 2 |  2.0
Air Magic      | 1 2 |  2.0
Earth Magic    | 1 2 |  2.0
Poison Magic   | 1 2 |  2.0
Fighting       | 3 |  3.6
Armour         | 3 |  3.6
Dodging        | 3 |  3.6
Unarmed Combat | 3 |  3.6
Stealth        | 3 |  3.4

Action                   |  1- 3 |  4- 6 |  7- 9 || total
-------------------------+-------+-------+-------++-------
Melee: Dagger            |   158 |       |       ||   158
       Bite              |    17 |   138 |     2 ||   157
       Short sword       |       |   740 |       ||   740
       Trident           |       |     5 |       ||     5
       Flail             |       |    32 |    14 ||    46
       War axe           |       |       |    14 ||    14
Throw: Boomerang         |       |    19 |     3 ||    22
  Use: Scroll            |       |       |     1 ||     1
       Potion            |       |       |     1 ||     1
 Stab: Sleeping          |     3 |     7 |       ||    10
       Distracted        |     1 |       |       ||     1
Armor: Leather armour    |    38 |    75 |     7 ||   120
Dodge: Dodged            |    51 |   118 |    13 ||   182
Block: Buckler           |    59 |   129 |    18 ||   206
